 Dungeon Crawl Stone Soup version 0.32-a0-120-gfac0567ad4 (webtiles) character file.

Game seed: 2322694506050696379

8518 Ambrosia the Protected (level 11, -4/97 HPs)
             Began as a Minotaur Fighter on Feb 6, 2024.
             Was an Elder of Wu Jian.
             Slain by a yak (11 damage)
             ... on level 9 of the Dungeon on Feb 7, 2024.
             The game lasted 00:15:03 (9092 turns).

Ambrosia the Protected (Minotaur Fighter)           Turns: 9092, Time: 00:15:03

Health: -4/97      AC: 12    Str: 30    XL:     11   Next: 11%
Magic:  10/10      EV:  9    Int:  5    God:    Wu Jian [****..]
Gold:   538        SH: 15    Dex: 11    Spells: 10/10 levels left

rFire   . . .        a - +1 war axe
rCold   . . .        c - +3 buckler
rNeg    . . .        p - +0 chain mail
rPois   .            (helmet restricted)
rElec   .            (no cloak)
rCorr   .            (no gloves)
SInv    .            (no boots)
Will    .....        t - amulet of reflection
Stlth   x              - ring of flight {+Fly}
HPRegen 0.36/turn    i - +6 ring of strength
MPRegen 0.12/turn

%: reflection
@: flying
A: horns 2, retaliatory headbutt
a: Renounce Religion, Wall Jump, Serpent's Lash


You were on level 9 of the Dungeon.
You worshipped Wu Jian.
Wu Jian was greatly pleased with you.
You visited 1 branch of the dungeon, and saw 9 of its levels.
You also visited: Ossuary.

You collected 538 gold pieces.

Inventory:

Hand Weapons
 a - a +1 war axe (weapon)
Armour
 c - a +3 buckler (worn)
 p - a +0 chain mail (worn)
   (You found it on level 3 of the Dungeon)
Jewellery
 i - a +6 ring of strength (right hand)
   (You found it on level 8 of the Dungeon)
 t - an amulet of reflection (around neck)
   (You found it on level 5 of the Dungeon)
 x - a ring of flight (left hand) {+Fly}
   (You found it on level 7 of the Dungeon)
Wands
 b - a wand of roots (3)
   (You found it on level 9 of the Dungeon)
 o - a wand of flame (89)
   (You took it off Edmund on level 4 of the Dungeon)
 u - a wand of mindburst (9)
   (You took it off Joseph on level 7 of the Dungeon)
 v - a wand of digging (11)
   (You found it in an ossuary)
Scrolls
 e - a scroll of fear
 f - 2 scrolls of teleportation {!r!d, @r3}
 l - 2 scrolls of amnesia
Potions
 d - 5 potions of might
 g - 2 potions of brilliance
 h - a potion of invisibility
 j - 2 potions of lignification {!q}
 k - 3 potions of curing {@q1, !d}
 m - 2 potions of enlightenment
 n - a potion of cancellation
 q - 4 potions of degeneration {!q}
 r - a potion of haste
 w - a potion of attraction {!q}
 z - 2 potions of mutation {!q}
Miscellaneous
 s - a phial of floods
   (You found it on level 8 of the Dungeon)


   Skills:
 + Level 9.1 Fighting
 + Level 8.6 Axes
 * Level 12.5 Armour
 * Level 12.5 Shields


You had 10 spell levels left.
You didn't know any spells.
Your spell library contained the following spells:

 Spells                   Type           Power      Damage    Failure   Level
 Call Imp                 Summ           0%         N/A       95%         2
 Ensorcelled Hibernation  Hex/Ice        0%         N/A       95%         2
 Static Discharge         Conj/Air       0%         3-3/arc   95%         2
 Sublimation of Blood     Necr           0%         N/A       95%         2
 Dazzling Flash           Conj/Hex       0%         N/A       99%         3
 Mephitic Cloud           Conj/Alch/Air  0%         N/A       99%         3
 Passwall                 Erth           0%         N/A       99%         3
 Summon Ice Beast         Ice/Summ       0%         N/A       99%         3
 Swiftness                Air            0%         N/A       99%         3
 Tukima's Dance           Hex            0%         N/A       99%         3
 Airstrike                Air            0%         2d(0-16)  100%        4
 Animate Armour           Summ/Erth      0%         N/A       100%        4
 Passage of Golubria      Tloc           0%         N/A       100%        4
 Summon Lightning Spire   Summ/Air       0%         N/A       100%        4
 Curse of Agony           Necr           0%         N/A       100%        5
 Lee's Rapid Deconstruct  Erth           0%         3d4*      100%        5
 Silence                  Hex/Air        0%         N/A       100%        5
 Summon Mana Viper        Hex/Summ       0%         N/A       100%        5
 Yara's Violent Unravell  Hex/Alch       0%         3d3       100%        5
 Monstrous Menagerie      Summ           0%         N/A       100%        7
 Summon Hydra             Summ           0%         N/A       100%        7


Dungeon Overview and Level Annotations

Branches:
Dungeon (9/15) Zot: 26706  Temple (0/1) D:4         Ossuary (visited)
   Lair: D:8-11         Orc: D:9-12

Altars:
Ashenzari
Cheibriados
Hepliaklqana
Kikubaaqudgha
Qazlal
Ru
Sif Muna
Vehumet
Wu Jian
Xom
Yredelemnul

Shops:
D:5 *   D:6 *   D:8 *


Innate Abilities, Weirdness & Mutations

You have a pair of horns on your head.
You reflexively headbutt those who attack you in melee.


Message History

The wolf bites you!
* * * LOW HITPOINT WARNING * * *
The wolf bites you but does no damage. The wolf closely misses you.
You furiously retaliate!
You headbutt the wolf!
You kill the wolf!
The Council accepts your kill. The wolf bites you but does no damage.
You take 9 damage, and have 7/97 hp.
Unknown command.
Cleave: a) +1 war axe
Press: ? - help, Dir - move target, f - wolf
Aim: a wolf (moderately wounded, about 52% to evade your +1 war axe)
You barely miss the wolf. You hit the howler monkey.
You hit the wolf but do no damage. The howler monkey barely misses you.
You furiously retaliate!
You headbutt the howler monkey! You block the wolf's attack. x2
The howler monkey hoots and howls with incredible vigour!
The wolf bites you.
* * * LOW HITPOINT WARNING * * *
Unknown command.
You feel better. You block the wolf's attack.
The wolf bites you but does no damage. You block the wolf's attack.
The howler monkey hoots and howls with incredible vigour!
You hear a bellow!
You regained 8 hp, and now have 15/97 hp.
Cleave: a) +1 war axe
Press: ? - help, Dir - move target, f/p - wolf
Aim: a wolf (moderately wounded, about 52% to evade your +1 war axe)
You slash the wolf!
You kill the wolf!
The Council accepts your kill.
You hit the howler monkey but do no damage.
You closely miss the wolf. You block the wolf's attack.
You block the howler monkey's attack. The wolf bites you.
* * * LOW HITPOINT WARNING * * *
You take 2 damage, and have 13/97 hp.
Cleave: a) +1 war axe
Press: ? - help, Dir - move target, f - wolf
Aim: a wolf (severely wounded, about 52% to evade your +1 war axe)
You hit the wolf but do no damage. You barely miss the howler monkey.
The wolf bites you.
* * * LOW HITPOINT WARNING * * *
You block the howler monkey's attack. The wolf barely misses you.
The howler monkey hoots and howls with incredible vigour!
You take 5 damage, and have 8/97 hp.
You feel better. You block the wolf's attack.
A yak comes into view.
The howler monkey hoots and howls with incredible vigour!
The wolf bites you but does no damage.
You regained 9 hp, and now have 17/97 hp.
Cleave: a) +1 war axe
Press: ? - help, Dir - move target, f/p - wolf
Aim: a wolf (severely wounded, about 52% to evade your +1 war axe)
You slash the wolf!
You kill the wolf!
The Council accepts your kill.
You slash the howler monkey!
You kill the howler monkey!
The Council accepts your kill.
Cleave: a) +1 war axe
Press: ? - help, Dir - move target, f - you
Okay, then.
You start resting.
A yak comes into view.
You start resting.
A yak is nearby!
You slash the yak! You headbutt the yak. You block the yak's attack.
You barely miss the yak. You block the yak's attack.
A yak comes into view.
You hit the yak. Your headbutt misses the yak. The yak closely misses you.
You furiously retaliate!
You headbutt the yak!
Cleave: a) +1 war axe
Press: ? - help, Dir - move target, f - yak
Aim: a yak (severely wounded, about 26% to evade your +1 war axe)
You hit the yak. You headbutt the yak.
You kill the yak!
The Council accepts your kill.
Cleave: a) +1 war axe
Press: ? - help, Dir - move target, f - yak
Aim: a yak (about 26% to evade your +1 war axe)
You closely miss the yak. Your headbutt misses the yak. The yak gores you.
* * * LOW HITPOINT WARNING * * *
You take 6 damage, and have 15/97 hp.
Aiming: Wall Jump
Press: ? - help, Dir - move target, p - yak You repeatedly attack the yak from above.
You hit the yak. You headbutt the yak! You slash the yak! The yak gores you.
* * * LOW HITPOINT WARNING * * *
You block the yak's attack.
You take 2 damage, and have 14/97 hp.
Cleave: a) +1 war axe
Press: ? - help, Dir - move target, f - yak
Aim: a yak (almost dead, about 26% to evade your +1 war axe)
You slash the yak!
You kill the yak!
The Council accepts your kill.
You hit the yak but do no damage. The yak gores you!
* * * LOW HITPOINT WARNING * * *
The yak gores you!
You die...

...................
...................
...........####....
...........####....
.................. .
##.....#.######### ..
#..##.._........# ...
#.....#.#.......# ....
#........#.....@# ...#
#........#....)Y#....#
#........#......'....#
#........#......#....#
#........#......#....#
#..####..#..>...# ...#
#.. ..#......# .....
######## .... .


You could see a yak.

Vanquished Creatures
  A centaur warrior (D:8)
  Joseph (D:7)
  Maggie (D:6)
  A tengu conjurer (D:8)
  A merfolk (D:8)
  2 wraiths (D:8 D:9)
  5 water elementals (D:8)
  A wyvern (D:9)
  11 yaks (D:7 D:8 D:9)
  Grum (D:9)
  Edmund (D:4)
  3 water moccasins (D:6 D:7)
  4 ice beasts (D:5 D:7 D:8)
  2 black bears (D:7)
  An ogre (D:5)
  5 wolves (D:6 D:9)
  A phantom (D:5)
  2 kobold brigands (D:8)
  Blork the orc (D:6)
  6 bullfrogs (D:6 D:7)
  A scorpion (D:6)
  A burial acolyte (Ossuary)
  4 wights (Ossuary)
  4 killer bees (D:8)
  4 howler monkeys (D:7 D:9)
  2 bombardier beetles (D:3)
  2 jellies (D:4 D:5)
  A gnoll bouda (D:6)
  7 hounds (D:5 D:6 D:7)
  7 orc priests (D:5 D:6 D:7 D:8)
  5 iguanas (D:4 D:5 D:6 D:7)
  9 orc wizards (D:4 D:5 D:6 D:8)
  8 adders (D:3 D:2 D:4 D:5 D:6)
  18 gnolls (D:1 D:4 D:5 D:6)
  A white imp (D:5)
  2 ufetubi (D:5)
  7 dart slugs (D:1 D:3 D:2 D:4 D:7)
  3 ribbon worms (D:1 D:2)
  27 orcs (D:4 D:5 D:6 D:7 D:8)
  6 bats (D:1 D:3 D:2)
  8 endoplasms (D:1 D:2 D:3 D:4)
  7 giant cockroaches (D:1 D:3 D:2 D:4)
  10 goblins (D:1 D:3 D:2 D:4)
  10 hobgoblins (D:1 D:3 D:2 D:4)
  11 jackals (D:3 D:4 D:6)
  6 quokkas (D:1 D:2 D:4)
  6 ball pythons (D:1 D:3)
  3 ball python skeletons (Ossuary)
  4 frilled lizards (D:3)
  3 hobgoblin skeletons (Ossuary)
  20 kobolds (D:1 D:3 D:2 D:8)
  A kobold skeleton (Ossuary)
  2 orc skeletons (Ossuary)
  A quokka zombie (D:6)
  6 rats (D:1 D:3 D:2)
  A rat zombie (D:6)
269 creatures vanquished.

Notes
Turn   | Place    | Note
-------+----------+-------------------------------------------
     0 | D:1      | Ambrosia the Minotaur Fighter began the quest for the Orb.
     0 | D:1      | Reached XP level 1. HP: 19/19 MP: 0/0
     0 | D:1      | Rudyous: oh yeah this thing
     0 | D:1      | Ambrosia: yea
     0 | D:1      | Ambrosia: and also
     0 | D:1      | Ambrosia: wait
     0 | D:1      | Ambrosia: this thing
     0 | D:1      | Ambrosia: lol
     0 | D:1      | Rudyous: yeah ive seen that as well at a temple
     0 | D:1      | Ambrosia: ??
     0 | D:1      | Ambrosia: how
     0 | D:1      | Ambrosia: where
     0 | D:1      | Rudyous: it was a temple spawn
     0 | D:1      | Rudyous: the crystal
     0 | D:1      | Ambrosia: ?
     0 | D:1      | Rudyous: just in a box
     0 | D:1      | Ambrosia: what
     0 | D:1      | Rudyous: yeah in a box of the blue walls
     0 | D:1      | Ambrosia: huh
     0 | D:1      | Ambrosia: also this
     0 | D:1      | Ambrosia: just pandemonium lord
     0 | D:1      | Rudyous: also saw the test spawner on the wiki i think
     0 | D:1      | Ambrosia: ah
     0 | D:1      | Rudyous: yeah thats just a rando lord
     0 | D:1      | Ambrosia: oh yeah forgor u can see every item
    39 | D:1      | Ambrosia: also for once gunna try Wu Jian + axe
    39 | D:1      | Ambrosia: cuz i'm curious the hell I will wreak on
                  | everything
    70 | D:1      | Reached skill level 4 in Armour
    70 | D:1      | Reached skill level 4 in Shields
    70 | D:1      | Reached XP level 2. HP: 24/27 MP: 1/1
   153 | D:1      | Reached XP level 3. HP: 33/33 MP: 2/2
   340 | D:1      | Ambrosia: oops
   767 | D:1      | Rudyous: i forget if that does extra surround damage or not
   824 | D:2      | You fall into a shaft and drop 1 floor!
   825 | D:3      | Rudyous: also i gtg for a bit
   869 | D:3      | Reached skill level 4 in Fighting
   877 | D:3      | Rudyous: gotta shower
   880 | D:3      | Ambrosia: ight
   880 | D:3      | Ambrosia: seeya
   880 | D:3      | Rudyous: so gl on your run
   880 | D:3      | Rudyous: cya
   880 | D:3      | Ambrosia: /
   880 | D:3      | Ambrosia: /
   880 | D:3      | Ambrosia: /kic
   906 | D:3      | Reached skill level 3 in Axes
   906 | D:3      | Reached XP level 4. HP: 40/40 MP: 3/3
   936 | D:3      | Found a basalt altar of Yredelemnul.
   962 | D:3      | Reached skill level 5 in Armour
  1231 | D:3      | Found an ornate altar of the Wu Jian Council.
  1232 | D:3      | Found a shimmering altar of Xom.
  1266 | D:3      | Became a worshipper of the Wu Jian Council
  1269 | D:3      | Found a radiant altar of Vehumet.
  1273 | D:3      | Found a stormy altar of Qazlal.
  1280 | D:3      | Found a sacrificial altar of Ru.
  1282 | D:3      | Found an ancient bone altar of Kikubaaqudgha.
  1318 | D:3      | Reached XP level 5. HP: 47/47 MP: 4/4
  1409 | D:2      | Reached skill level 5 in Shields
  1424 | D:2      | Found a faded altar of an unknown god.
  1963 | D:2      | Reached * piety under Wu Jian
  2535 | D:4      | Reached XP level 6. HP: 53/53 MP: 5/5
  2611 | D:4      | Noticed Edmund
  2623 | D:4      | Killed Edmund
  2624 | D:4      | Reached skill level 6 in Armour
  2744 | D:4      | Reached skill level 6 in Shields
  2853 | D:4      | Reached ** piety under Wu Jian
  2872 | D:4      | Reached skill level 4 in Axes
  3079 | D:4      | Found a staircase to the Ecumenical Temple.
  3263 | D:5      | Entered Level 5 of the Dungeon
  3263 | D:5      | Found Ykkulyfa's General Store.
  3270 | D:5      | HP: 27/55 [gnoll/+0 halberd (10)]
  3273 | D:5      | Reached skill level 5 in Fighting
  3444 | D:5      | Noticed an ice beast
  3450 | D:5      | Reached XP level 7. HP: 59/61 MP: 6/6
  3474 | D:5      | HP: 30/61 [ice beast (4)]
  3864 | D:5      | Reached skill level 7 in Armour
  3864 | D:5      | Reached skill level 7 in Shields
  4144 | D:6      | Reached XP level 8. HP: 70/70 MP: 7/7
  4260 | D:6      | Found a sand-covered staircase.
  4268 | Ossuary  | Entered an ossuary
  4323 | Ossuary  | Reached skill level 5 in Axes
  4362 | Ossuary  | Reached *** piety under Wu Jian
  4457 | Ossuary  | Reached skill level 6 in Fighting
  4614 | Ossuary  | HP: 32/68 [wight/+2 battleaxe (7)]
  4616 | Ossuary  | Reached skill level 8 in Armour
  4616 | Ossuary  | Reached skill level 8 in Shields
  4941 | D:6      | Found Luorchoi's Assorted Antiques.
  5031 | D:6      | Noticed Blork the orc
  5038 | D:6      | Killed Blork the orc
  5164 | D:6      | Noticed Maggie
  5178 | D:6      | HP: 34/71 [Maggie/+0 broad axe (8)]
  5187 | D:6      | HP: 32/71 [Maggie/bolt of fire (25)]
  5188 | D:6      | HP: 6/71 [Maggie/bolt of fire (27)]
  5196 | D:6      | Killed Maggie
  5197 | D:6      | Reached skill level 6 in Axes
  5197 | D:6      | Reached skill level 9 in Armour
  5197 | D:6      | Reached skill level 9 in Shields
  5197 | D:6      | Reached XP level 9. HP: 25/78 MP: 8/8
  5843 | D:7      | Noticed Joseph
  5854 | D:7      | HP: 28/74 [disintegration (17)]
  5857 | D:7      | HP: 8/74 [disintegration (13)]
  5859 | D:7      | Reached skill level 7 in Fighting
  5861 | D:7      | Killed Joseph
  6106 | D:7      | Reached skill level 10 in Armour
  6165 | D:7      | Reached **** piety under Wu Jian
  6166 | D:7      | Reached skill level 10 in Shields
  6245 | D:7      | Reached skill level 7 in Axes
  6339 | D:7      | Found a snail-covered altar of Cheibriados.
  6517 | D:7      | Found a hazy altar of Hepliaklqana.
  6717 | D:7      | Reached XP level 10. HP: 78/88 MP: 9/9
  6946 | D:7      | Reached skill level 8 in Fighting
  7139 | D:8      | Noticed a centaur warrior
  7153 | D:8      | Killed a centaur warrior
  7154 | D:8      | Reached skill level 11 in Armour
  7154 | D:8      | Reached skill level 11 in Shields
  7655 | D:8      | HP: 43/90 [poisoned by a killer bee]
  7658 | D:8      | Reached skill level 8 in Axes
  7660 | D:8      | HP: 37/90 [poisoned by a killer bee]
  7918 | D:8      | HP: 43/90 [drowned by a water elemental (7)]
  7920 | D:8      | HP: 16/90 [water elemental (11)]
  7922 | D:8      | Reached skill level 12 in Armour
  7922 | D:8      | Reached skill level 12 in Shields
  8191 | D:8      | Found a shimmering blue altar of Sif Muna.
  8343 | D:8      | Found Capil's General Store.
  8888 | D:9      | Reached skill level 9 in Fighting
  8888 | D:9      | Reached XP level 11. HP: 85/97 MP: 10/10
  9029 | D:9      | Found a broken altar of Ashenzari.
  9059 | D:9      | Noticed Grum
  9069 | D:9      | HP: 46/97 [wolf[Grum] (6)]
  9072 | D:9      | HP: 17/97 [wolf[Grum] (7)]
  9072 | D:9      | Killed Grum
  9073 | D:9      | HP: 7/97 [wolf[Grum] (9)]
  9088 | D:9      | HP: 15/97 [yak (6)]
  9092 | D:9      | HP: 7/97 [yak (8)]
  9092 | D:9      | Slain by a yak

Illustrated notes

Levels and vault maps discovered:
D:1:      dpeg_arrival_brainrot, layout_basic, minmay_misc_feat_chi
D:2:      layout_loops_ring, shapermc_ecumenical_altar_notcrosses, minivault_19,
          minmay_misc_feat_doors, nicolae_half_adder
D:3:      layout_basic, mainiacjoe_overflow_brackets,
          nicolae_overflow_hallway_of_the_gods, minmay_misc_feat_nine_boxes,
          chequers_serial_rivers_small_3, corexii_hall_statues_s
D:4:      layout_basic, minmay_temple_entry_from_below_b, uniq_edmund
D:5:      layout_rooms, kennysheep_cross_bottleneck, nicolae_stop_n_shop_2,
          minmay_checkerbox
D:6:      layout_cave_pools, enter_ossuary_4, serial_gnoll_camp,
          gnoll_camp_mini_loothouse, gnoll_camp_mini_house,
          gnoll_camp_mini_shop, gnoll_camp_mini_doghouse, uniq_blork_the_orc,
          uniq_maggie
D:7:      layout_gridville, kennysheep_slug_shrine, overflow_temple_1_default,
          uniq_joseph
D:8:      minmay_bloctagon_deflated, layout_basic,
          nicolae_overflow_crystal_walls, serial_shops, nicolae_square_shop,
          nicolae_rank_and_phial
D:9:      layout_stronghold, ashenzari_altar_1, lair_entry_dummy,
          lightli_corner_chamber, uniq_grum

Skill      XL: |  1  2  3  4  5  6  7  8  9 10 |
---------------+-------------------------------+-----
Armour         | 4 5 6 7 9 10 12 | 12.5
Shields        | 4 5 6 7 9 10 12 | 12.5
Fighting       | 4 5 6 7 9 |  9.1
Axes           | 3 4 6 7 8 |  8.6

Action                     |  1- 3 |  4- 6 |  7- 9 | 10-12 || total
---------------------------+-------+-------+-------+-------++-------
  Melee: War axe           |    65 |   183 |   325 |   211 ||   784
         Headbutt          |     5 |    25 |    59 |    49 ||   138
Ability: Lunge             |       |    17 |    19 |    14 ||    50
         Whirlwind         |       |    35 |   125 |    51 ||   211
         Wall Jump         |       |       |     5 |     1 ||     6
  Evoke: Wand              |       |       |     1 |       ||     1
    Use: Scroll            |     3 |     6 |    13 |     2 ||    24
         Potion            |       |       |     5 |     2 ||     7
 Armour: Scale mail        |    33 |     4 |       |       ||    37
         Chain mail        |       |   107 |   212 |   150 ||   469
  Dodge: Dodged            |    33 |    68 |    93 |    44 ||   238
  Block: Buckler           |    17 |    54 |   217 |   145 ||   433
         Reflection        |       |       |     1 |     4 ||     5

Table legend: (Time is in decaauts)
 A = Elapsed time spent in this place.
 B = Non-inter-level travel time spent in this place.
 C = Inter-level travel time spent in this place.
 D = Time resting spent in this place.
 E = Time spent auto-exploring this place.
 F = Levels seen in this place.
 G = Mean time per level.
                   A        B        C        D        E       F      G
               +--------+--------+--------+--------+--------+-----+--------+
         Total |   9235 |   9048 |    187 |   1005 |   6263 |  10 |  923.5 |
       Dungeon |   8699 |   8512 |    187 |    888 |   5965 |   9 |  966.6 |
       Ossuary |    536 |    536 |      0 |    117 |    298 |   1 |  536.0 |
               +--------+--------+--------+--------+--------+-----+--------+

Top non-repeatable levels by time:
     D:8: 1691 daAuts
     D:7: 1303 daAuts
     D:6: 1191 daAuts
     D:3: 896 daAuts
     D:5: 882 daAuts
     D:4: 818 daAuts
     D:2: 812 daAuts
     D:1: 811 daAuts
 Ossuary: 536 daAuts
     D:9: 292 daAuts

Levels and vault maps discovered:
D:1:      dpeg_arrival_brainrot, layout_basic, minmay_misc_feat_chi
D:2:      layout_loops_ring, shapermc_ecumenical_altar_notcrosses, minivault_19,
          minmay_misc_feat_doors, nicolae_half_adder
D:3:      layout_basic, mainiacjoe_overflow_brackets,
          nicolae_overflow_hallway_of_the_gods, minmay_misc_feat_nine_boxes,
          chequers_serial_rivers_small_3, corexii_hall_statues_s
D:4:      layout_basic, minmay_temple_entry_from_below_b, uniq_edmund
D:5:      layout_rooms, kennysheep_cross_bottleneck, nicolae_stop_n_shop_2,
          minmay_checkerbox
D:6:      layout_cave_pools, enter_ossuary_4, serial_gnoll_camp,
          gnoll_camp_mini_loothouse, gnoll_camp_mini_house,
          gnoll_camp_mini_shop, gnoll_camp_mini_doghouse, uniq_blork_the_orc,
          uniq_maggie
D:7:      layout_gridville, kennysheep_slug_shrine, overflow_temple_1_default,
          uniq_joseph
D:8:      minmay_bloctagon_deflated, layout_basic,
          nicolae_overflow_crystal_walls, serial_shops, nicolae_square_shop,
          nicolae_rank_and_phial
D:9:      layout_stronghold, ashenzari_altar_1, lair_entry_dummy,
          lightli_corner_chamber, uniq_grum

Table legend: (Time is in decaauts)
 A = Elapsed time spent in this place.
 B = Non-inter-level travel time spent in this place.
 C = Inter-level travel time spent in this place.
 D = Time resting spent in this place.
 E = Time spent auto-exploring this place.
 F = Levels seen in this place.
 G = Mean time per level.
                   A        B        C        D        E       F      G
               +--------+--------+--------+--------+--------+-----+--------+
         Total |   9235 |   9048 |    187 |   1005 |   6263 |  10 |  923.5 |
       Dungeon |   8699 |   8512 |    187 |    888 |   5965 |   9 |  966.6 |
       Ossuary |    536 |    536 |      0 |    117 |    298 |   1 |  536.0 |
               +--------+--------+--------+--------+--------+-----+--------+

Top non-repeatable levels by time:
     D:8: 1691 daAuts
     D:7: 1303 daAuts
     D:6: 1191 daAuts
     D:3: 896 daAuts
     D:5: 882 daAuts
     D:4: 818 daAuts
     D:2: 812 daAuts
     D:1: 811 daAuts
 Ossuary: 536 daAuts
     D:9: 292 daAuts

Table legend:
 A = Kills in this place as a percentage of kills in the entire game.
 B = Kills by you in this place as a percentage of kills by you in the entire game.
 C = Kills by friends in this place as a percentage of kills by friends in the entire game.
 D = Other kills in this place as a percentage of other kills in the entire game.
 E = Experience gained in this place as a percentage of experience gained in the entire game.
 F = Experience gained in this place divided by the number of levels of this place that you have seen.
                   A       B       C       D       E      F
               +-------+-------+-------+-------+-------+----------------------
         Total | 100.0 | 100.0 |   N/A |   N/A | 100.0 | 1236.8
       Dungeon |  94.8 |  94.8 |   N/A |   N/A |  97.0 | 1333.0
       Ossuary |   5.2 |   5.2 |   N/A |   N/A |   3.0 | 371.0
               +-------+-------+-------+-------+-------+----------------------
